 Dungeon Crawl Stone Soup version 0.31.0-12-g77e489cdc1 (webtiles) character file.

Game seed: 2794937705102891940

3164 ChadusMaximus the Summoner (level 9, -4/57 HPs)
             Began as a Barachi Summoner on Mar 3, 2024.
             Slain by a water moccasin (6 damage)
             ... on level 6 of the Dungeon.
             The game lasted 00:08:41 (7533 turns).

ChadusMaximus the Summoner (Barachi Summoner)       Turns: 7533, Time: 00:08:42

Health: -4/57      AC:  3    Str: 10    XL:     9   Next: 94%
Magic:  18/21      EV: 12    Int: 19    God:
Gold:   240        SH:  0    Dex: 13    Spells: 10/24 levels left

rFire   . . .        k - +0 arbalest
rCold   . . .        (shield currently unavailable)
rNeg    . . .        a - +0 robe
rPois   .            c - +0 helmet
rElec   .            (no cloak)
rCorr   +            (no gloves)
SInv    .            (no boots)
Will    .....        (no amulet)
Stlth   ++           n - ring of resist corrosion
HPRegen 0.29/turn    (no ring)
MPRegen 0.17/turn

%: no passive effects
@: lethally poisoned (-4 -> -11), unable to hop, hasted, invisible, inugami
summoned, very quick
A: amphibious, slowness 1, strong legs 1, +LOS
a: Hop


You were on level 6 of the Dungeon.
You visited 1 branch of the dungeon, and saw 6 of its levels.

You collected 240 gold pieces.

Inventory:

Hand Weapons
 e - a +0 club
 g - a +0 dagger
 k - a +0 arbalest (weapon)
Armour
 a - a +0 robe (worn)
 c - a +0 helmet (worn)
Jewellery
 n - a ring of resist corrosion (left hand)
 E - a ring of flight
Wands
 w - a wand of polymorph (10)
 z - a wand of flame (17)
Scrolls
 f - 3 scrolls of teleportation {unknown}
 h - 7 scrolls of identify {unknown}
 j - 2 scrolls of poison {unknown}
 l - 2 scrolls of revelation {unknown}
 o - a scroll of brand weapon {unknown}
 p - a scroll of acquirement {unknown}
 q - a scroll of enchant armour {unknown}
 r - a scroll of blinking {unknown}
 t - a scroll of enchant weapon {unknown}
 v - 2 scrolls of vulnerability {unknown}
 y - a scroll of fog {unknown}
 A - 2 scrolls of immolation {unknown}
 B - a scroll of amnesia {unknown}
 D - a scroll of silence {unknown}
Potions
 b - a potion of magic
 d - 2 potions of degeneration
 i - 2 potions of heal wounds {unknown}
 m - a potion of might {unknown}
 u - 2 potions of haste
 x - a potion of brilliance {unknown}


   Skills:
 - Level 2.1 Dodging
 - Level 1.7 Stealth
 + Level 8.2 Spellcasting
 * Level 13.8 Summonings


You had 10 spell levels left.
You knew the following spells:

 Your Spells              Type           Power      Damage    Failure   Level
a - Summon Small Mammal   Summ           100%       N/A       1%          1
b - Call Canine Familiar  Summ           57%        N/A       1%          3
c - Call Imp              Summ           100%       N/A       1%          2
d - Summon Lightning Spi  Summ/Air       34%        N/A       4%          4
e - Summon Blazeheart Go  Fire/Summ      34%        N/A       4%          4

Your spell library contained the following spells:

 Spells                   Type           Power      Damage    Failure   Level
 Shock                    Conj/Air       28%        1d4       9%          1
 Mercury Vapours          Alch/Air       14%        N/A       14%         2
 Sublimation of Blood     Necr           7%         N/A       14%         2
 Fugue of the Fallen      Necr           7%         N/A       26%         3
 Mephitic Cloud           Conj/Alch/Air  7%         N/A       26%         3
 Ozocubu's Armour         Ice            7%         N/A       26%         3
 Swiftness                Air            7%         N/A       26%         3
 Summon Hydra             Summ           28%        N/A       26%         7
 Airstrike                Air            3%         2d(1-17)  65%         4
 Manifold Assault         Tloc           7%         N/A       65%         4
 Freezing Cloud           Conj/Ice/Air   3%         6-21      94%         5


Dungeon Overview and Level Annotations

Branches:
Dungeon (6/15)
 Temple: D:4-7

Altars:
Elyvilon
Makhleb
Ru
Trog
Wu Jian
Xom
Yredelemnul

Shops:
D:2 !


Innate Abilities, Weirdness & Mutations

You are amphibious.
You cover ground slowly.
You can hop short distances.
You have an extended range of vision and can be seen from far away.


Message History

Your inugami hits the water moccasin! The water moccasin barely misses you.
Your cerulean imp hits the water moccasin from afar with a +1 spear.
* * * LOW HITPOINT WARNING * * *
You feel extremely sick.
Your cerulean imp hits the water moccasin from afar with a +1 spear.
Your inugami misses the water moccasin. The water moccasin bites you.
* * * LOW HITPOINT WARNING * * *
You are more poisoned.
The water moccasin poisons you!
Hop to where?
Press: ? - help, Dir - move target, p - water moccasin Boing!
* * * LOW HITPOINT WARNING * * *
You feel extremely sick.
Your cerulean imp barely misses the water moccasin.
Your inugami barely misses the water moccasin.
The water moccasin misses you.
You feel better. The water moccasin bites you!
* * * LOW HITPOINT WARNING * * *
You are lethally poisoned!
The water moccasin poisons you!
Your cerulean imp hits the water moccasin from afar with a +1 spear.
Your inugami closely misses the water moccasin.
The water moccasin bites you but does no damage.
Unknown command.
It was a potion of haste.
You feel yourself speed up.
* * * LOW HITPOINT WARNING * * *
You feel very sick.
Your cerulean imp hits the water moccasin from afar with a +1 spear.
Your inugami barely misses the water moccasin.
The water moccasin bites you.
* * * LOW HITPOINT WARNING * * *
It was a potion of invisibility.
You fade into invisibility!
* * * LOW HITPOINT WARNING * * *
You feel sick.
Your inugami barely misses the water moccasin.
Your cerulean imp completely misses the water moccasin.
The water moccasin bites you.
You die...

....# ##.....## ##.#
#.#### ##...## #.# #.
##+## #.# # #.# #.#
#.##########.# #
##.##........<#
.###.##..<#.#########
.........Sh.#
.##.##5@.### ##.##
###


You could see a water moccasin (unable to see you, ally target), a friendly
cerulean imp (summoned) and a friendly inugami (summoned).

Vanquished Creatures
  2 hounds (D:5)
  2 jellies
  An orc priest (D:5)
  2 iguanas
  Natasha (D:3)
  2 gnolls (D:3)
  3 adders
  A shadow imp (D:4)
  2 ribbon worms (D:3)
  A dart slug (D:3)
  An orc (D:5)
  5 endoplasms
  4 giant cockroaches
  2 goblins
  7 hobgoblins
  2 jackals (D:3)
  A quokka (D:2)
  5 ball pythons
  4 bats
  3 frilled lizards (D:3)
  8 kobolds
  2 rats
61 creatures vanquished.

Vanquished Creatures (collateral kills)
  A two-headed ogre (D:5)
  The ghost of kalagan the Magician, a novice DECj (D:5)
  Sigmund (D:3)
  A steam dragon (D:5)
  3 water moccasins
  Duvessa (D:6)
  4 black bears
  A sky beast (D:6)
  An ice beast (D:5)
  An ogre (D:5)
  A bullfrog (D:5)
  A scorpion (D:4)
  Dowan (D:6)
  4 bombardier beetles
  2 hounds
  A jelly (D:5)
  An orc priest (D:5)
  3 orc wizards (D:5)
  Natasha (twice) (D:3)
  2 iguanas
  6 adders
  2 gnolls (D:3)
  5 orcs (D:5)
  A bat (D:1)
  2 endoplasms (D:4)
  3 giant cockroaches (D:1)
  A goblin (D:4)
  3 hobgoblins
  A quokka (D:5)
  2 ball pythons
  A frilled lizard (D:3)
  5 kobolds
65 creatures vanquished.

Grand Total: 126 creatures vanquished

Notes
Turn   | Place    | Note
-------+----------+-------------------------------------------
     0 | D:1      | ChadusMaximus the Barachi Summoner began the quest for the
                  | Orb.
     0 | D:1      | Reached XP level 1. HP: 13/13 MP: 3/3
   208 | D:1      | Reached skill level 5 in Summonings
   346 | D:1      | Reached XP level 2. HP: 19/19 MP: 5/5
   934 | D:2      | Found Xekk's Distillery.
  1096 | D:2      | Reached XP level 3. HP: 24/24 MP: 7/7
  1721 | D:3      | Found a basalt altar of Yredelemnul.
  1739 | D:3      | Noticed Natasha
  1741 | D:3      | HP: 1/24 [iguana (11)]
  1768 | D:3      | Reached skill level 6 in Summonings
  1874 | D:2      | Learned a level 3 spell: Call Canine Familiar
  1877 | D:2      | Learned a level 2 spell: Call Imp
  1881 | D:3      | Noticed Sigmund
  1899 | D:3      | Killed Sigmund
  1900 | D:3      | Reached skill level 7 in Summonings
  1900 | D:3      | Reached XP level 4. HP: 27/30 MP: 0/9
  1900 | D:3      | Reached XP level 5. HP: 32/35 MP: 0/10
  1900 | D:3      | Reached XP level 6. HP: 37/41 MP: 0/11
  1987 | D:3      | Found a sacrificial altar of Ru.
  2335 | D:3      | Found a white marble altar of Elyvilon.
  2340 | D:3      | Found a bloodstained altar of Trog.
  2757 | D:3      | Killed Natasha
  2873 | D:3      | Noticed Natasha
  2886 | D:3      | Killed Natasha
  2887 | D:3      | Reached skill level 8 in Summonings
  3091 | D:3      | Noticed Natasha
  3140 | D:3      | Killed Natasha
  3264 | D:4      | Reached XP level 7. HP: 35/46 MP: 9/13
  3323 | D:4      | Found a shimmering altar of Xom.
  3373 | D:4      | Reached skill level 9 in Summonings
  3583 | D:4      | Reached skill level 5 in Spellcasting
  4080 | D:4      | HP: 2/46 [water moccasin (1)]
  4084 | D:4      | Reached XP level 8. HP: 4/52 MP: 12/16
  4451 | D:4      | Reached skill level 10 in Summonings
  4618 | D:4      | Learned a level 4 spell: Summon Lightning Spire
  4619 | D:5      | Entered Level 5 of the Dungeon
  4818 | D:5      | Found an ornate altar of the Wu Jian Council.
  5210 | D:5      | Found a runed translucent door.
  5447 | D:5      | Found a runed translucent door.
  5637 | D:5      | Reached skill level 11 in Summonings
  5786 | D:5      | HP: 1/52 [iguana (3)]
  6039 | D:5      | Found a burning altar of Makhleb.
  6260 | D:5      | Reached skill level 12 in Summonings
  6260 | D:5      | Reached XP level 9. HP: 37/57 MP: 10/19
  6425 | D:5      | Noticed a two-headed ogre
  6432 | D:5      | Killed a two-headed ogre
  6433 | D:5      | Reached skill level 13 in Summonings
  6747 | D:5      | Noticed kalagan's ghost (novice DECj)
  6888 | D:5      | Killed kalagan's ghost
  7005 | D:5      | Learned a level 4 spell: Summon Blazeheart Golem
  7426 | D:6      | Noticed Dowan
  7427 | D:6      | Noticed Duvessa
  7433 | D:6      | Killed Dowan
  7438 | D:6      | Killed Duvessa
  7533 | D:6      | HP: 2/57 [poisoned by a water moccasin]
  7533 | D:6      | Slain by a water moccasin

Illustrated notes

Levels and vault maps discovered:
D:1:      roderic_chinese_lattice_arrival, layout_loops_ring
D:2:      layout_basic, serial_shops, shop_statue, minmay_misc_feat_encased,
          chequers_mini_garden, minmay_misc_feat_secret_circle
D:3:      layout_loops_ring, lemuel_crystal_altar, overflow_temple_1_default,
          jmf_multi_god_temple2, minmay_vboxes, uniq_natasha, uniq_sigmund
D:4:      layout_cave_pods, serial_park, serial_park_square3
          [serial_park_minivault_5x5_4], serial_park_square2, serial_park_gazebo
          [serial_park_minivault_5x5_6], serial_park_square3
          [serial_park_minivault_5x5_1]
D:5:      minmay_octagon_keep, layout_layer_cave,
          mainiacjoe_overflow_concentric_impassable,
          mainiacjoe_overflow_alcove_1, ebering_ghost_sewer_f
D:6:      layout_loops_corners, serial_glass, glass_columns_b, glass_columns_b,
          uniq_edmund, uniq_duvessa

Skill      XL: |  1  2  3  4  5  6  7  8  9 |
---------------+----------------------------+-----
Summonings     | 5 7 8 9 12 13 | 13.8
Spellcasting   | 3 4 5 7 8 |  8.2
Dodging        | |  2.1
Stealth        | |  1.7

Action                     |  1- 3 |  4- 6 |  7- 9 || total
---------------------------+-------+-------+-------++-------
  Melee: Unarmed           |    25 |       |       ||    25
         Club              |    23 |       |       ||    23
         Dagger            |    22 |       |       ||    22
         Arbalest          |       |       |     1 ||     1
   Fire: Arbalest          |    38 |    86 |   131 ||   255
   Cast: Summon Small Mamm |    22 |     3 |     9 ||    34
         Call Canine Famil |     2 |     6 |    19 ||    27
         Call Imp          |     1 |     5 |    17 ||    23
         Summon Lightning  |       |       |     9 ||     9
Ability: Hop               |     1 |       |     4 ||     5
    Use: Potion            |       |       |     6 ||     6
   Stab: Sleeping          |     1 |       |       ||     1
 Armour: Robe              |   101 |    44 |   145 ||   290
         Skin              |       |     2 |       ||     2
  Dodge: Dodged            |   115 |    45 |    82 ||   242
